TOP OF THE 1ST |
Sylvania Maple Leaves batting - Pitching for Wilmington Bay Hawks : LHP Jim Unknown
|
Pitching: LHP Jim Unknown
|
|
Batting: RHB Kenny Norton
|
0-0: Ball 1-0: SINGLE (Line Drive, 6MD)
|
Batting: SHB Curt Bryant
|
0-0: Ball 1-0: Grounds into double play, 1-6-3 (Groundball, 13)
|
Batting: RHB Mike Neal
|
0-0: Ball 1-0: SINGLE (Line Drive, 56D)
|
Batting: RHB Miguel García
|
0-0: Ball 1-0: Ball Mike Neal steals 2nd base 2-0: Ground out 1-3 (Groundball, 13S)
|
Top of the 1st over - 0 run(s), 2 hit(s), 0 error(s), 1 left on base; Sylvania 0 - Wilmington 0 |
BOTTOM OF THE 1ST |
Wilmington Bay Hawks batting - Pitching for Sylvania Maple Leaves : RHP Greg Beaver
|
Pitching: RHP Greg Beaver
|
|
Batting: LHB Ray Schneider
|
0-0: Ball 1-0: Ball 2-0: Ground out 4-3 (Groundball, 34)
|
Batting: RHB António Prieto
|
0-0: Ball 1-0: Swinging Strike 1-1: Called Strike 1-2: Foul Ball, location: 2F 1-2: Ground out 6-3 (Groundball, 6M)
|
Batting: SHB Felipe González
|
0-0: Ball 1-0: Swinging Strike 1-1: Swinging Strike 1-2: Strikes out looking
|
Bottom of the 1st over - 0 run(s), 0 hit(s), 0 error(s), 0 left on base; Sylvania 0 - Wilmington 0 |
TOP OF THE 2ND |
Sylvania Maple Leaves batting - Pitching for Wilmington Bay Hawks : LHP Jim Unknown
|
Batting: RHB Ingo van Ham
|
0-0: Ball 1-0: Ball 2-0: Ball 3-0: Called Strike 3-1: Base on Balls
|
Batting: RHB Dustin Walker
|
0-0: DOUBLE (Line Drive, 78M) Ingo van Ham to third
|
Batting: RHB José Valdéz
|
0-0: Called Strike 0-1: Called Strike 0-2: SINGLE (Groundball, 56D) Ingo van Ham scores Dustin Walker to third Runner from 3rd tries for Home, SAFE, no throw or cutoff
|
Batting: RHB Fernando Díaz
|
0-0: Grounds into double play, 1-6-3 (Groundball, 15)
|
Batting: RHB Steve Ferguson
|
0-0: Ball 1-0: Fly out, F9 (Flyball, 89M)
|
Top of the 2nd over - 2 run(s), 2 hit(s), 0 error(s), 0 left on base; Sylvania 2 - Wilmington 0 |
BOTTOM OF THE 2ND |
Wilmington Bay Hawks batting - Pitching for Sylvania Maple Leaves : RHP Greg Beaver
|
Batting: SHB José Martínez
|
0-0: Ball 1-0: Ball 2-0: Foul Ball, location: 2F 2-1: Ball 3-1: Fly out, F7 (Flyball, 78M)
|
Batting: RHB Jorge Rocha
|
0-0: Ball 1-0: Foul Ball, location: 2F 1-1: Called Strike 1-2: Ball 2-2: Ball 3-2: Foul Ball, location: 2F 3-2: Ground out 6-3 (Groundball, 6M)
|
Batting: LHB Aubrey Reese
|
0-0: Called Strike 0-1: Ball 1-1: Ball 2-1: SINGLE (Groundball, 5D)
|
Batting: RHB Jim Unknown
|
0-0: SINGLE (Flyball, 9LS) Aubrey Reese to second Runner from 2nd tries for 3rd, SAFE, throw made to third
|
Batting: RHB Jim Unknown
|
0-0: Ball 1-0: SINGLE (Line Drive, 34) Aubrey Reese scores Jim Unknown to second
|
Batting: LHB Nari Corelli
|
0-0: Ball 1-0: SINGLE (Groundball, 4MD) Jim Unknown to third Jim Unknown to second Runner from 3rd tries for Home, SAFE, no throw or cutoff
|
Batting: LHB Ray Schneider
|
0-0: Foul Ball, location: 2F 0-1: Foul Ball, location: 2F 0-2: Ball 1-2: Ball 2-2: Ball 3-2: Fly out, F3 (Popup, 3F)
|
Bottom of the 2nd over - 2 run(s), 4 hit(s), 0 error(s), 2 left on base; Sylvania 2 - Wilmington 2 |
TOP OF THE 3RD |
Sylvania Maple Leaves batting - Pitching for Wilmington Bay Hawks : LHP Jim Unknown
|
Batting: RHB Kenny Norton
|
0-0: Ground out 5-3 (Groundball, 56)
|
Batting: SHB Curt Bryant
|
0-0: Called Strike 0-1: Bunt for hit - play at first, batter safe!
|
Batting: RHB Mike Neal
|
0-0: Called Strike 0-1: Ball 1-1: Ball 2-1: Foul Ball, location: 2F 2-2: Grounds into double play, 5-4-3 (Groundball, 5L)
|
Top of the 3rd over - 0 run(s), 1 hit(s), 0 error(s), 0 left on base; Sylvania 2 - Wilmington 2 |
BOTTOM OF THE 3RD |
Wilmington Bay Hawks batting - Pitching for Sylvania Maple Leaves : RHP Greg Beaver
|
Batting: RHB António Prieto
|
0-0: Called Strike 0-1: Called Strike 0-2: Fly out, F3 (Popup, 3)
|
Batting: SHB Felipe González
|
0-0: Called Strike 0-1: Called Strike 0-2: SINGLE (Flyball, 7S)
|
Batting: SHB José Martínez
|
0-0: Ball 1-0: 2-RUN HOME RUN (Flyball, 9D), Distance : 370 ft
|
Batting: RHB Jorge Rocha
|
0-0: Ball 1-0: Ground out 5-3 (Groundball, 5)
|
Batting: LHB Aubrey Reese
|
0-0: Called Strike 0-1: Ball 1-1: Foul Ball, location: 2F 1-2: Foul Ball, location: 2F 1-2: Ball 2-2: Strikes out swinging
|
Bottom of the 3rd over - 2 run(s), 2 hit(s), 0 error(s), 0 left on base; Sylvania 2 - Wilmington 4 |
TOP OF THE 4TH |
Sylvania Maple Leaves batting - Pitching for Wilmington Bay Hawks : LHP Jim Unknown
|
Batting: RHB Miguel García
|
0-0: Ball 1-0: Ball 2-0: Called Strike 2-1: SINGLE (Groundball, 56D) (infield hit)
|
Batting: RHB Ingo van Ham
|
0-0: Called Strike 0-1: Ball 1-1: 2-RUN HOME RUN (Flyball, 7D), Distance : 382 ft
|
Batting: RHB Dustin Walker
|
0-0: Fly out, F9 (Line Drive, 9M)
|
Batting: RHB José Valdéz
|
0-0: SINGLE (Line Drive, 7S)
|
Batting: RHB Fernando Díaz
|
0-0: Ball 1-0: Ball 2-0: Foul Ball, location: 2F 2-1: Ball 3-1: Foul Ball, location: 2F 3-2: Strikes out swinging
|
Batting: RHB Steve Ferguson
|
0-0: Ball 1-0: Fielders Choice at 2nd, 6-4 (Groundball, 6)
|
Top of the 4th over - 2 run(s), 3 hit(s), 0 error(s), 0 left on base; Sylvania 4 - Wilmington 4 |
BOTTOM OF THE 4TH |
Wilmington Bay Hawks batting - Pitching for Sylvania Maple Leaves : RHP Greg Beaver
|
Batting: RHB Jim Unknown
|
0-0: Called Strike 0-1: SINGLE (Groundball, 4M)
|
Batting: RHB Jim Unknown
|
0-0: Called Strike 0-1: Foul Ball, location: 2F 0-2: Ball 1-2: Strikes out swinging
|
Batting: LHB Nari Corelli
|
0-0: Called Strike 0-1: Ball 1-1: Ball Pickoff Throw by Catcher to First - Out! 2-1: SINGLE (Groundball, 34D)
|
Batting: LHB Ray Schneider
|
0-0: SINGLE (Line Drive, 7S) Nari Corelli to second
|
Batting: RHB António Prieto
|
0-0: Swinging Strike 0-1: Ball 1-1: Ground out 1-3 (Groundball, 15)
|
Bottom of the 4th over - 0 run(s), 3 hit(s), 0 error(s), 2 left on base; Sylvania 4 - Wilmington 4 |
TOP OF THE 5TH |
Sylvania Maple Leaves batting - Pitching for Wilmington Bay Hawks : LHP Jim Unknown
|
Batting: RHB Kenny Norton
|
0-0: Fly out, F9 (Line Drive, 9M)
|
Batting: SHB Curt Bryant
|
0-0: Called Strike 0-1: Swinging Strike 0-2: Ball 1-2: Ball 2-2: SINGLE (Flyball, 6MD)
|
Batting: RHB Mike Neal
|
0-0: Ball 1-0: Called Strike 1-1: Ball 2-1: Foul Ball, location: 2F 2-2: 2-RUN HOME RUN (Flyball, 78XD), Distance : 403 ft
|
Pitching: LHP Carl Dyess
|
|
Batting: RHB Miguel García
|
0-0: Called Strike 0-1: Ball 1-1: SINGLE (Groundball, 34D)
|
Batting: RHB Ingo van Ham
|
0-0: Swinging Strike 0-1: Ball 1-1: Foul Ball, location: 2F 1-2: Strikes out swinging
|
Batting: RHB Dustin Walker
|
0-0: Called Strike Miguel García steals 2nd base 0-1: Foul Ball, location: 2F 0-2: Foul Ball, location: 2F 0-2: Ball 1-2: Ball 2-2: Strikes out swinging
|
Top of the 5th over - 2 run(s), 3 hit(s), 0 error(s), 1 left on base; Sylvania 6 - Wilmington 4 |
BOTTOM OF THE 5TH |
Wilmington Bay Hawks batting - Pitching for Sylvania Maple Leaves : RHP Greg Beaver
|
Batting: SHB Felipe González
|
0-0: Ball 1-0: DOUBLE (Line Drive, 5L)
|
Batting: SHB José Martínez
|
0-0: Ball 1-0: Foul Ball, location: 2F 1-1: Ball 2-1: Ball 3-1: Base on Balls
|
Batting: RHB Jorge Rocha
|
0-0: Called Strike 0-1: Swinging Strike 0-2: Foul Ball, location: 2F 0-2: Ball 1-2: SINGLE (Groundball, 56D) Felipe González to third José Martínez to second
|
Batting: LHB Aubrey Reese
|
0-0: Called Strike 0-1: Foul Ball, location: 2F 0-2: Ball 1-2: SINGLE (Groundball, 4M) Felipe González scores José Martínez to third Jorge Rocha to second
|
Pitching: RHP Kenny DeBenham
|
|
Batting: RHB Jim Unknown
|
0-0: Called Strike 0-1: Ball 1-1: SINGLE (Flyball, 8RS) José Martínez scores Jorge Rocha to third Aubrey Reese to second
|
Batting: RHB Jim Unknown
|
0-0: Fly out, F9 (Flyball, 89M) Runner from 3rd tags up, SCORES, throw made
|
Batting: LHB Nari Corelli
|
0-0: Called Strike 0-1: Ball 1-1: SINGLE (Line Drive, 4MD) Aubrey Reese to third Jim Unknown to second Runner from 3rd tries for Home, SAFE, throw made home
|
Batting: LHB Ray Schneider
|
0-0: Ball 1-0: Called Strike 1-1: Ball 2-1: Foul Ball, location: 2F 2-2: Ball 3-2: Foul Ball, location: 2F 3-2: Strikes out swinging
|
Batting: RHB António Prieto
|
0-0: Ball 1-0: SINGLE (Flyball, 8RS) Jim Unknown to third Nari Corelli to second Runner from 3rd tries for Home, SAFE, throw made at trailing runner, OUT at third!
|
Bottom of the 5th over - 5 run(s), 6 hit(s), 0 error(s), 1 left on base; Sylvania 6 - Wilmington 9 |
TOP OF THE 6TH |
Sylvania Maple Leaves batting - Pitching for Wilmington Bay Hawks : LHP Carl Dyess
|
Batting: RHB José Valdéz
|
0-0: Called Strike 0-1: Foul Ball, location: 2F 0-2: Ball 1-2: Ball 2-2: Ball 3-2: Strikes out swinging
|
Batting: RHB Fernando Díaz
|
0-0: Ball 1-0: Swinging Strike 1-1: Foul Ball, location: 2F 1-2: Ball 2-2: Strikes out swinging
|
Batting: RHB Steve Ferguson
|
0-0: Foul Ball, location: 2F 0-1: Fly out, F8 (Flyball, 8RM)
|
Top of the 6th over - 0 run(s), 0 hit(s), 0 error(s), 0 left on base; Sylvania 6 - Wilmington 9 |
BOTTOM OF THE 6TH |
Wilmington Bay Hawks batting - Pitching for Sylvania Maple Leaves : RHP Kenny DeBenham
|
Batting: SHB Felipe González
|
0-0: Called Strike 0-1: Ground out U3 (Groundball, 3L)
|
Batting: SHB José Martínez
|
0-0: Ball 1-0: Ball 2-0: Ball 3-0: Base on Balls
|
Batting: RHB Jorge Rocha
|
0-0: Ball 1-0: Ball 2-0: Called Strike 2-1: DOUBLE (Flyball, 78D) José Martínez to third
|
Batting: LHB Aubrey Reese
|
0-0: Ball 1-0: Foul Ball, location: 2F 1-1: Foul Ball, location: 2F 1-2: Ball 2-2: Fly out, F8 (Line Drive, 8LM) Runner from 3rd tags up, SCORES, throw made
|
Pitching: LHP Juan García
|
|
Batting: RHB Jim Unknown
|
0-0: Called Strike 0-1: Foul Ball, location: 2F 0-2: Ball 1-2: Ball 2-2: Fly out, F9 (Flyball, 89M)
|
Bottom of the 6th over - 1 run(s), 1 hit(s), 0 error(s), 1 left on base; Sylvania 6 - Wilmington 10 |
TOP OF THE 7TH |
Sylvania Maple Leaves batting - Pitching for Wilmington Bay Hawks : LHP Carl Dyess
|
Batting: RHB Kenny Norton
|
0-0: Ball 1-0: SINGLE (Line Drive, 34D)
|
Batting: SHB Curt Bryant
|
0-0: Ball 1-0: Foul Ball, location: 2F 1-1: Foul Ball, location: 2F 1-2: Ball 2-2: Grounds into double play, 5-4-3 (Groundball, 56)
|
Batting: RHB Mike Neal
|
0-0: Foul Ball, location: 2F 0-1: Swinging Strike 0-2: Fly out, F9 (Flyball, 89M)
|
Top of the 7th over - 0 run(s), 1 hit(s), 0 error(s), 0 left on base; Sylvania 6 - Wilmington 10 |
BOTTOM OF THE 7TH |
Wilmington Bay Hawks batting - Pitching for Sylvania Maple Leaves : LHP Juan García
|
Batting: RHB Jim Unknown
|
0-0: Ball 1-0: Ball 2-0: Foul Ball, location: 2F 2-1: Swinging Strike 2-2: Strikes out swinging
|
Batting: LHB Nari Corelli
|
0-0: Called Strike 0-1: Ball 1-1: Ball 2-1: Fly out, F8 (Flyball, 8RM)
|
Batting: LHB Ray Schneider
|
0-0: Called Strike 0-1: Foul Ball, location: 2F 0-2: Ball 1-2: Strikes out swinging, 2-3 out at first.
|
Bottom of the 7th over - 0 run(s), 0 hit(s), 0 error(s), 0 left on base; Sylvania 6 - Wilmington 10 |
TOP OF THE 8TH |
Sylvania Maple Leaves batting - Pitching for Wilmington Bay Hawks : LHP Carl Dyess
|
Pitching: LHP Ron Irwin
|
|
Batting: RHB Miguel García
|
0-0: Called Strike 0-1: SINGLE (Line Drive, 3D)
|
Batting: RHB Ingo van Ham
|
0-0: Ball 1-0: Foul Ball, location: 2F 1-1: Ball 2-1: Foul Ball, location: 2F 2-2: Strikes out swinging
|
Batting: RHB Dustin Walker
|
0-0: Called Strike 0-1: Ball 1-1: Foul Ball, location: 2F 1-2: Ball 2-2: Ball 3-2: Strikes out looking
|
Batting: RHB José Valdéz
|
0-0: Ball 1-0: Ground out 6-3 (Groundball, 6)
|
Top of the 8th over - 0 run(s), 1 hit(s), 0 error(s), 1 left on base; Sylvania 6 - Wilmington 10 |
BOTTOM OF THE 8TH |
Wilmington Bay Hawks batting - Pitching for Sylvania Maple Leaves : LHP Juan García
|
Batting: RHB António Prieto
|
0-0: Called Strike 0-1: Ground out 6-3 (Groundball, 56)
|
Batting: SHB Felipe González
|
0-0: Called Strike 0-1: Foul Ball, location: 2F 0-2: Ball 1-2: Ball 2-2: Ball 3-2: Foul Ball, location: 2F 3-2: Strikes out swinging
|
Batting: SHB José Martínez
|
0-0: Called Strike 0-1: Foul Ball, location: 2F 0-2: Fly out, F9 (Flyball, 9M)
|
Bottom of the 8th over - 0 run(s), 0 hit(s), 0 error(s), 0 left on base; Sylvania 6 - Wilmington 10 |
TOP OF THE 9TH |
Sylvania Maple Leaves batting - Pitching for Wilmington Bay Hawks : LHP Ron Irwin
|
Batting: RHB Fernando Díaz
|
0-0: Ball 1-0: Ball 2-0: Called Strike 2-1: SOLO HOME RUN (Line Drive, 9D), Distance : 384 ft
|
Pitching: RHP José Domingo
|
|
Batting: RHB Steve Ferguson
|
0-0: Ball 1-0: Swinging Strike 1-1: SINGLE (Line Drive, 8RS)
|
Batting: RHB Kenny Norton
|
0-0: Foul Ball, location: 2F 0-1: Called Strike 0-2: Strikes out looking
|
Batting: SHB Curt Bryant
|
0-0: Ball 1-0: Called Strike 1-1: Foul Ball, location: 2F 1-2: Foul Ball, location: 2F 1-2: Foul Ball, location: 2F 1-2: Ball 2-2: Foul Ball, location: 2F 2-2: Ball 3-2: Foul Ball, location: 2F 3-2: SINGLE (Flyball, 78S) Steve Ferguson to second
|
Pinch Hitting: LHB Iván Gonzáles
|
0-0: Ball 1-0: Grounds into double play, 6-4-3 (Groundball, 6)
|
Top of the 9th over - 1 run(s), 3 hit(s), 0 error(s), 1 left on base; Sylvania 7 - Wilmington 10 |
|